 Dungeon Crawl Stone Soup version 0.30-b1-2-g02819fbbbe (webtiles) character file.

Game seed: 3792999061868915748

95 Alarkh the Sneak (level 4, -2/35 HPs)
             Began as a Demonspawn Delver on May 22, 2023.
             Killed by nerve-wracking pain
             ... invoked by an orc priest
              (7 damage)
             ... on level 4 of the Dungeon.
             The game lasted 00:01:29 (380 turns).

Alarkh the Sneak (Demonspawn Delver)                 Turns: 380, Time: 00:01:30

Health: -2/35      AC:  5    Str: 13    XL:     4   Next: 40%
Magic:  4/4        EV: 11    Int: 13    God:
Gold:   23         SH:  4    Dex: 14    Spells: 3/3 levels left

rFire   . .          .
                       - Unarmed
rCold   . . .        (no shield)
rNeg    . . .        a - +0 leather armour
rPois   .            (no helmet)
rElec   .            (no cloak)
rCorr   .            (no gloves)
SInv    .            (no boots)
Will    .....        (no amulet)
Stlth   ++           (no ring)
HPRegen 0.25/turn    (no ring)
MPRegen 0.09/turn

%: no passive effects
@: no status effects
A: icy blue scales 1, powered by death 1, condensation shield
a: no special abilities


You were on level 4 of the Dungeon.
You visited 1 branch of the dungeon, and saw 2 of its levels.

You collected 23 gold pieces.

Inventory:

Armour
 a - a +0 leather armour (worn)
Wands
 f - a wand of digging (3)
Scrolls
 b - a scroll of fog
 c - a scroll of magic mapping
 d - a scroll of fear
 i - a scroll of teleportation {unknown}
Potions
 h - a potion of flight {unknown}


   Skills:
 - Level 3.0 Fighting
 - Level 1.7 Dodging
 - Level 4.5 Stealth
 + Level 4.3 Unarmed Combat


You had 3 spell levels left.
You didn't know any spells.
Your spell library was empty.

Dungeon Overview and Level Annotations

Branches:
Dungeon (5/15)
 Temple: D:4-7

Altars:
Cheibriados
Gozag

Annotations:
D:5 Dowan


Innate Abilities, Weirdness & Mutations

You are partially covered in icy blue scales. (AC +2)
You regenerate a little health from kills.
A meltable shield of frost defends you. (SH +4)


Message History

No target in view!
No target in view!
No target in view!
No target in view!
No target in view!
No target in view!
An orc priest comes into view. It is wielding a +0 short sword.
You see here a scroll labelled FUCRICS TEZIH.
An orc priest is nearby!
An orc priest is nearby!
The orc priest shouts!
An orc comes into view. It is wielding a +0 hand axe.
The orc priest invokes the aid of Beogh against you.
Beogh smites you!
You hit the orc priest.
The orc priest is moderately wounded.
An orc comes into view. It is wielding a +0 hand axe.
The orc priest hits you but does no damage.
The orc shouts!
You hit the orc priest.
The orc priest is heavily wounded.
The orc priest hits you with a +0 short sword.
You hit the orc priest.
The orc priest is heavily wounded.
The orc priest mumbles some strange prayers to Beogh against you.
Beogh smites you!
* * * LOW HITPOINT WARNING * * *
You are too injured to fight recklessly!
You are too injured to fight recklessly!
You are too injured to fight recklessly!
You are too injured to fight recklessly!
You are too injured to fight recklessly!
You are too injured to fight recklessly!
You are too injured to fight recklessly!
You are too injured to fight recklessly!
You closely miss the orc priest.
The orc priest is heavily wounded.
The orc priest mumbles some strange prayers to Beogh against you.
Pain shoots through your body!
You die...

#.......#####.####...##
#.......# #...)# ###.##
#.......###...## #...
#.......##.._..# ###.
#....?..##.....# #.
#.......######## #.
#.......## ##
#####....# # #.@..# #
#.oo.# # ##...... #
#...##... # #...# ##
#o..# #.### ..#


You could see an orc priest and 2 orcs.

Vanquished Creatures
  An ogre (D:4)
  A dart slug (D:4)
  An orc (D:4)
  An endoplasm (D:4)
  2 giant cockroaches (D:4)
  A goblin (D:4)
  A hobgoblin (D:4)
  2 jackals (D:4)
10 creatures vanquished.

Notes
Turn   | Place    | Note
-------+----------+-------------------------------------------
     0 | D:5      | Alarkh the Demonspawn Delver began the quest for the Orb.
     0 | D:5      | Reached XP level 1. HP: 18/18 MP: 1/1
     0 | D:5      | Noticed Dowan
    17 | D:5      | Noticed a phantom
    31 | D:5      | Noticed a hound
    63 | D:5      | Noticed a scorpion
   131 | D:4      | Found an opulent altar of Gozag.
   235 | D:4      | Noticed an ogre
   243 | D:4      | Gained mutation: A meltable shield of frost defends you.
                  | (SH +4) [demonic ancestry]
   243 | D:4      | Reached XP level 2. HP: 23/24 MP: 2/2
   257 | D:4      | Killed an ogre
   258 | D:4      | Gained mutation: You regenerate a little health from kills.
                  | [demonic ancestry]
   258 | D:4      | Reached XP level 3. HP: 24/29 MP: 3/3
   258 | D:4      | Gained mutation: You are partially covered in icy blue
                  | scales. (AC +2) [demonic ancestry]
   258 | D:4      | Reached XP level 4. HP: 29/35 MP: 4/4
   351 | D:4      | Found a snail-covered altar of Cheibriados.
   380 | D:4      | Killed from afar by an orc priest

Illustrated notes

Levels and vault maps discovered:
D:4:      layout_rooms, mainiacjoe_overflow_alcove_1,
          mainiacjoe_overflow_cross_hatched, mainiacjoe_overflow_boulevard
D:5:      layout_cave_pools, mainiacjoe_overflow_concentric_impassable,
          nicolae_uskayaw_murder_on_the_dancefloor, nzn_wu_jian_council_hall,
          serial_glass, glass_columns_c, glass_columns_a, uniq_duvessa

Skill      XL: |  1  2 |
---------------+-------+-----
Unarmed Combat | 2 4 |  4.3
Fighting       | |  3.0
Dodging        | |  1.7
Stealth        | |  4.5

Action                     |  1- 3 |  4- 6 || total
---------------------------+-------+-------++-------
  Melee: Unarmed           |    38 |     8 ||    46
    Use: Potion            |     2 |       ||     2
   Stab: Sleeping          |       |     1 ||     1
 Armour: Leather armour    |    12 |     2 ||    14
  Dodge: Dodged            |    18 |     1 ||    19
  Block: Other             |     2 |       ||     2
